 Dungeon Crawl Stone Soup version 0.26-a0-639-g72c4674329 (webtiles) character file.

Game seed: 11888942599152158421

59 Flugslaktarn the Covered (level 3, -4/34 HPs)
             Began as a Deep Dwarf Fighter on Sept 23, 2020.
             Slain by an ogre
             ... wielding a cursed -3 giant club
              (14 damage)
             ... on level 3 of the Dungeon.
             The game lasted 00:00:15 (180 turns).

Flugslaktarn the Covered (Deep Dwarf Fighter)        Turns: 180, Time: 00:00:15

Health: -4/34      AC:  6    Str: 20    XL:     3   Next: 78%
Magic:  3/3        EV:  7    Int:  8    God:
Gold:   19         SH:  9    Dex: 12    Spells: 2/2 levels left

rFire    . . .     SeeInvis .   a - +0 war axe
rCold    . . .     Faith    .   c - +0 kite shield
rNeg     . . .     Spirit   .   b - +0 scale mail
rPois    .         Reflect  .   (no helmet)
rElec    .         Harm     .   (no cloak)
rCorr    .         Rampage  .   (no gloves)
MR       .....                  (no boots)
Stlth    ..........             (no amulet)
HPRegen  0.00/turn              (no ring)
MPRegen  0.08/turn              (no ring)

@: lethally poisoned (-4 -> -4), non-regenerating
A: damage resistance, heal wounds, sense surroundings 1, no regeneration
a: Heal Wounds


You were on level 3 of the Dungeon.
You visited 1 branch of the dungeon, and saw 3 of its levels.

You collected 19 gold pieces.

Inventory:

Hand Weapons
 a - a +0 war axe (weapon)
Armour
 b - a +0 scale mail (worn)
 c - a +0 kite shield (worn)
Scrolls
 g - a scroll of identify {unknown}
Potions
 d - a potion of might
 e - a potion of degeneration {unknown}
 f - a potion of cancellation {unknown}
 h - a potion of invisibility {unknown}


   Skills:
 * Level 3.3 Fighting
 * Level 3.1 Axes
 + Level 3.6 Armour
 + Level 3.6 Shields


You had 2 spell levels left.
You didn't know any spells.
Your spell library was empty.

Dungeon Overview and Level Annotations

Branches:
Dungeon (3/15)

Altars:


Innate Abilities, Weirdness & Mutations

You are resistant to damage.
You can heal yourself by infusing magical energy.
You passively map a small area around you.
You do not regenerate.


Message History

You kill the quokka!
You block the ogre's attack. The giant cockroach barely misses you.
You closely miss the ogre.
The ogre is severely wounded.
You hit the giant cockroach but do no damage.
The giant cockroach bites you but does no damage.
The ogre barely misses you. The giant cockroach bites you.
You hit the ogre but do no damage.
The ogre is severely wounded.
You slash the giant cockroach!
You kill the giant cockroach!
You block the ogre's attack.
You hit the ogre.
The ogre is almost dead.
You hit the kobold.
You kill the kobold!
The ogre hits you with a cursed -3 giant club!
* * * LOW HITPOINT WARNING * * *
The ogre hits you with a cursed -3 giant club!
You die...

, , , , .. , ,
.#.# * * , .....
,, ,, , ....., , ,
, * ....[.* * ,
#.# ......#*
**,.#.#*
.......#####*#....
.......g@..##..#
.......O#......#
......#####.#.## ,
###..#* #.....#
*.# ##. #.#.#.#
*#.# # ###...#
..#### * * *
##..####.#... , ,
##.......#.#* ,
,,* #..........#


You could see an ogre and a hobgoblin.

Vanquished Creatures
  An orc wizard (D:3)
  An adder (D:3)
  A dart slug (D:1)
  2 orcs (D:3)
  A ball python (D:1)
  2 giant cockroaches
  2 goblins
  2 kobolds
  A quokka (D:3)
  3 frilled lizards (D:2)
  4 rats
20 creatures vanquished.

Notes
Turn   | Place    | Note
-------+----------+-------------------------------------------
     0 | D:1      | Flugslaktarn the Deep Dwarf Fighter began the quest for the
                  | Orb.
     0 | D:1      | Reached XP level 1. HP: 20/20 MP: 1/1
    60 | D:1      | Reached XP level 2. HP: 27/27 MP: 2/2
   124 | D:3      | Reached XP level 3. HP: 20/34 MP: 3/3
   169 | D:3      | Noticed an ogre
   180 | D:3      | Slain by an ogre

Illustrated notes

Levels and vault maps discovered:
D:1:      dpeg_arrival_three_same_balls, layout_rooms
D:2:      kb_forest_paths, layout_basic, chequers_ecumenical_altar_twisty,
          uniq_natasha, uniq_jessica
D:3:      layout_rooms, nicolae_overflow_crystal_walls, portal_sewer_entry_f

Skill      XL: |  1  2 |
---------------+-------+-----
Fighting       | 3 |  3.3
Axes           | 3 |  3.1
Armour         | |  3.6
Shields        | |  3.6

Action                   || total
-------------------------++-------
Melee: War axe           ||    49
 Abil: Heal Wounds       ||     1
Armor: Scale mail        ||    27
Dodge: Dodged            ||    16
Block: Kite shield       ||    23

Table legend: (Time is in decaauts)
 A = Elapsed time spent in this place.
 B = Non-inter-level travel time spent in this place.
 C = Inter-level travel time spent in this place.
 D = Time resting spent in this place.
 E = Time spent auto-exploring this place.
 F = Levels seen in this place.
 G = Mean time per level.
                   A        B        C        D        E       F      G
               +--------+--------+--------+--------+--------+-----+--------+
         Total |    200 |    184 |     16 |      0 |     73 |   3 |   66.7 |
       Dungeon |    200 |    184 |     16 |      0 |     73 |   3 |   66.7 |
               +--------+--------+--------+--------+--------+-----+--------+

Top non-repeatable levels by time:
     D:3: 91 daAuts
     D:1: 78 daAuts
     D:2: 30 daAuts
